Cogmind - Beta 17 @@@ ROGUE MODE // 2026.08.01 @ 14:12:33 Player: Grimrest Result: Destroyed by G-34 Mercenary with Small Laser Performance ------------- Evolutions (0) 0 Regions Visited (1) 200 Robots Destroyed (17) 85 Value Destroyed (468) 468 Prototype IDs (0) 0 Alien Tech Used (0) 0 Bonus (0) 0 TOTAL SCORE: 753 Bonus ------- None Cogmind --------- Core Integrity 0/250 Matter 279/300 Energy 72/100 System Corruption 6% Temperature Critical (615) Movement Core (300) Ox5 Location -10/Materials Parts ------- > --- POWER (1) -------- (None) > --- PROPULSION (2) --- (None) > --- UTILITY (2) ------ Small Storage Unit Small Storage Unit > --- WEAPON (2) ------- Particle Gun Beam Cannon > --- INVENTORY (8) ---- Ion Engine Light Ion Engine Wheel Wheel High-capacity Storage Unit Hacking Suite Light Cannon Datajack Peak State ------------ > --- POWER ------------ Light Ion Engine > --- PROPULSION ------- Light Treads Light Treads > --- UTILITY ---------- Small Storage Unit Small Storage Unit > --- WEAPON ----------- Particle Gun Beam Cannon > --- INVENTORY -------- Ion Engine Light Ion Engine Wheel Wheel High-capacity Storage Unit Hacking Suite Light Cannon Datajack [Rating: 9] Favorites ----------- Power Light Ion Engine Engine Light Ion Engine Propulsion Light Treads Treads Light Treads Wheel Wheel Utility Small Storage Unit Storage Small Storage Unit Weapon Assault Rifle Energy Gun Particle Gun Energy Cannon Beam Cannon Ballistic Gun Assault Rifle Launcher Grenade Launcher Build | -11 -10 ------- Run | Yrd Mat Slots Evolved . | . . Power . | . . Propulsion . | . . Utility . | . . Weapon . | . . Parts Attached 15 | 12 3 Power 3 | 3 . Engine 3 | 3 . Core . | . . Reactor . | . . Propulsion 4 | 4 . Treads 2 | 2 . Leg . | . . Wheel 2 | 2 . Hover . | . . Flight . | . . Utility 2 | 2 . Device . | . . Storage 2 | 2 . Processor . | . . Hackware . | . . Protection . | . . Artifact . | . . Weapon 6 | 3 3 Energy Gun 2 | 1 1 Energy Cannon 1 | . 1 Ballistic Gun 2 | 2 . Ballistic Cannon . | . . Launcher 1 | . 1 Special Weapon . | . . Impact Weapon . | . . Slashing Weapon . | . . Piercing Weapon . | . . Special Melee Weapon . | . . Unidentified Prototypes . | . . Parts Lost 4 | . 4 Power 1 | . 1 Propulsion 2 | . 2 Utility . | . . Weapon 1 | . 1 Highest Loss Streak 2 | . 2 To Critical Strikes . | . . Average Backups 7 | 4 7 Power 1 | 1 2 Propulsion 2 | 1 2 Utility . | . . Weapon 2 | 1 2 Tool/Special . | . . Unused Backups 5 | . 5 Power . | . . Propulsion 1 | . 1 Utility 2 | . 2 Weapon 1 | . 1 Tool/Special 1 | . 1 Average Slot Usage (%) 98 | . 98 Engine 13 | . 13 Treads 27 | . 27 Storage 27 | . 27 Energy Gun 3 | . 3 Energy Cannon 4 | . 4 Ballistic Gun 18 | . 18 Peak Build Rating 9 | 7 9 Average Rating 7 | 5 7 On Entrance 3 | . 7 Avg Prop Armor Cover (%) . | . . Naked Turns . | . . Heaviest Build 19 | 18 19 Greatest Support 40 | 40 40 Greatest Overweight (x) 1 | 1 . Average Overweight (x) . | . . Largest Inventory Capacity 8 | 8 8 Average Capacity 7 | 7 8 Most Carried 8 | 8 8 Average Carried 7 | 4 7 Final Capacity 8 | 8 8 Final Carried 8 | 6 8 Class Distribution -------------------- 100% | Mutant Dominant Class ---------------- Mutant | -10/Materials Resources | -11 -10 ----------- Run | Yrd Mat Matter Collected 559 | 310 249 Remotely . | . . Salvage Created 628 | 102 526 Parts 35 | 3 32 Haulers Intercepted . | . . Recyclers Shooed . | . . Parts Field Recycled . | . . Retrieved Matter . | . . Parts Self-Destructed . | . . Prevented . | . . Parts Restored . | . . Kills | -11 -10 ------- Run | Yrd Mat Combat Hostiles Destroyed 11 | . 11 Guns 5 | . 5 Cannons 3 | . 3 AOE 3 | . 3 Classes Destroyed 5 | 2 3 Worker 3 | . 3 Tunneler 1 | 1 . Recycler 1 | 1 . Operator 1 | . 1 Grunt 11 | . 11 Best Kill Streak 5 | 1 5 Combat Bots Only 4 | . 4 Max Kills in Single Turn 3 | 1 3 Gunslinging . | . . Exploded 2 | . 2 Melee . | . . Uniques/NPCs Destroyed . | . . Combat | -11 -10 -------- Run | Yrd Mat Hostile Shots Fired 76 | . 76 Missed 21 | . 21 Hits 55 | . 55 Projectile 55 | . 55 Critical Strikes 1 | . 1 Damage Taken 1009 | . 1009 Core 261 | . 261 Absorbed by Shields . | . . Regen/Repaired (Parts) 34 | . 34 Core Remaining (%) 100 | 100 . Volleys Fired 53 | 5 48 Largest 2 | 2 2 Hottest 125 | 40 125 Shots Fired 93 | 10 83 Gun 58 | 10 48 Cannon 25 | . 25 Launcher 10 | . 10 Special . | . . Kinetic 41 | 10 31 Thermal 42 | . 42 Explosive 10 | . 10 Electromagnetic . | . . Robot Hit Streak 10 | 4 10 Robot Miss Streak 3 | 1 3 Penetration Max . | . . Secondary Targets 1 | . 1 Max Gunslinging Chain 1 | . 1 Shots Hit Robots 50 | 7 43 Core Hits 31 | 3 28 Critical Kills . | . . Critical Parts Destroyed . | . . Critical Strikes 1 | . 1 Burn 1 | . 1 Melee Attacks . | . . Impact . | . . Slashing . | . . Piercing . | . . Sneak Attacks . | . . Combat Hostiles . | . . Follow-up Attacks . | . . Damage Inflicted 763 | 73 690 Guns 413 | 73 340 Cannons 245 | . 245 Explosions 105 | . 105 Melee . | . . Ramming . | . . Kinetic 261 | 73 188 Thermal 397 | . 397 Explosive 105 | . 105 Electromagnetic . | . . Impact . | . . Slashing . | . . Piercing . | . . Highest Corruption 6 | . 6 Average Corruption 3 | . 3 Corruption Purged . | . . Corruption Blocked . | . . Effects 19 | . 19 Message Errors 7 | . 7 Matter Fused 6 | . 6 Heat Flow Errors 1 | . 1 Energy Discharges 1 | . 1 Data Loss (major) 3 | . 3 Misfires 1 | . 1 Overload Shots . | . . Overflow Damage . | . . Projectiles . | . . Explosions . | . . Melee . | . . Knockbacks . | . . Impact . | . . Kinetic . | . . Secondary . | . . Self-Inflicted Damage 21 | . 21 Shots 1 | . 1 Rammed . | . . Targets Rammed . | . . Kicked . | . . Crushed . | . . Highest Temperature 609 | . 609 Average Temperature 120 | . 120 Received Heat Transfer 387 | . 387 Effects 7 | . 7 Short Circuit 1 | . 1 Damage (major) 5 | . 5 Damage (core) 1 | . 1 Siege Activations . | . . Martial Activations . | . . Shielding Activations . | . . Robots Disrupted . | . . Combat Hostiles . | . . Robots Corrupted . | . . Combat Hostiles . | . . Parts Fried . | . . Impact Corruptions . | . . Robots Melted . | . . Combat Hostiles . | . . Parts Melted 2 | . 2 Heat Transferred 962 | . 962 Parts Sabotaged . | . . Parts Stolen . | . . Parts Stripped . | . . Power Chain Reactions . | . . Alert | -11 -10 ------- Run | Yrd Mat Maximum Alert Level 1 | . 1 Low Security (%) 99 | 100 99 Level 1 . | . . Level 2 . | . . Level 3 . | . . Level 4 . | . . Level 5 . | . . High Security . | . . Max Security . | . . Peak Influence 200 | 5 200 Initial . | . . Average 40 | . 46 Influence Increases 393 | 10 383 Destroy 0b10 Robot/C 220 | . 220 Destroy 0b10 Robot/NC 30 | 10 20 Destroy Leader 60 | . 60 Successful Hack 20 | . 20 Disable Machine 15 | . 15 Destroy Structure 48 | . 48 Influence Decreases 199 | 10 189 Time Decay 159 | 10 149 Lost Part 40 | . 40 Squads Dispatched 2 | . 2 Investigation 2 | . 2 Extermination . | . . Reinforcement . | . . Assault . | . . Garrison . | . . Intercept . | . . Searches Triggered . | . . Construction Impeded . | . . Haulers Reinforced . | . . Active Scanning Responses . | . . Cargo Convoy Interrupts . | . . Stealth | -11 -10 --------- Run | Yrd Mat Distress Signals 1 | . 1 Communications Jammed . | . . Distress Signals . | . . Times Spotted 21 | . 21 Peak Tracking Total 6 | . 6 Tactical Retreats . | . . Traps | -11 -10 ------- Run | Yrd Mat Traps Triggered 3 | . 3 Indirectly . | . . Trap Hack Attempts . | . . Triggered . | . . Disarmed . | . . Reprogrammed . | . . Reused . | . . Traps Extracted . | . . Installed . | . . Triggered . | . . Machines | -11 -10 ---------- Run | Yrd Mat Machines Disabled 1 | . 1 Max in Single Turn 1 | . 1 Machines Repaired . | . . Machines Dismantled . | . . Machines Sabotaged . | . . Overloaded Fab Kills . | . . Hacking | -11 -10 --------- Run | Yrd Mat Machines Accessed 9 | . 9 Terminals 7 | . 7 Fabricators . | . . Repair Stations 1 | . 1 Recycling Units 1 | . 1 Scanalyzers . | . . Garrison Access . | . . Total Hacks 21 | . 21 Successful 11 | . 11 Failed 10 | . 10 Catastrophic 1 | . 1 Database Lockouts . | . . Manual 8 | . 8 Terminals 17 | . 17 Fabricators . | . . Repair Stations 2 | . 2 Recycling Units 2 | . 2 Scanalyzers . | . . Garrison Access . | . . Terminal Hacks 5 | . 5 Record 3 | . 3 Robot Analysis 2 | . 2 Fabricator Hacks . | . . Repair Station Hacks 2 | . 2 Scan Component 1 | . 1 Repair 1 | . 1 Recycling Unit Hacks 2 | . 2 Report Inventory 1 | . 1 Retrieve Components 1 | . 1 Scanalyzer . | . . Garrison Access Hacks . | . . Unauthorized Hacks 2 | . 2 Terminals 2 | . 2 Operators 2 | . 2 Fabricators . | . . Repair Stations . | . . Recycling Units . | . . Scanalyzers . | . . Garrison Access . | . . Data Cores Recovered 1 | . 1 Used . | . . Hacking Detections 8 | . 8 Full Trace Events 1 | . 1 Feedback Events . | . . Feedback Blocked . | . . Robot Schematics Acquired . | . . Robots Built . | . . Authchips . | . . Time . | . . Total Robot Build Rating . | . . Part Schematics Acquired . | . . Parts Built . | . . Authchips . | . . Time . | . . Total Part Build Rating . | . . Part Studies Acquired . | . . Parts Repaired 1 | . 1 Time 26 | . 26 Parts Recycled . | . . Recycled Matter . | . . Retrieved Matter . | . . Retrieved Components 1 | . 1 Parts Scanalyzed . | . . Part Schematics Acquired . | . . Parts Damaged . | . . Bothacking | -11 -10 ------------ Run | Yrd Mat Used RIF Installer . | . . Robots Hacked . | . . Non-combat . | . . Combat . | . . Robot Hacks Applied . | . . Relay Couplers Released . | . . Fabnet Peak Effective % . | . . Robots Rewired . | . . Allies Hacked . | . . Hacks Repelled . | . . Allies | -11 -10 -------- Run | Yrd Mat Total Allies . | . . Largest Group . | . . Highest-Rated Group . | . . Highest-Rated Ally . | . . Total Orders . | . . Ally Attacks . | . . Total Damage . | . . Kills . | . . Allies Corrupted . | . . Allies Melted . | . . Intel | -11 -10 ------- Run | Yrd Mat Active Infowar (turns) . | . . Robot Analysis Total 2 | . 2 Derelict Logs Recovered . | . . Drone Launches . | . . Drone Recoveries . | . . Exploration | -11 -10 ------------- Run | Yrd Mat Turns Passed 1298 | 176 1122 Spaces Moved 733 | 126 607 Core 27 | 27 . Treads 654 | 47 607 Legs . | . . Wheels 52 | 52 . Hover . | . . Flight . | . . Fastest Speed 50 | 50 160 Average Speed 151 | 108 160 Slowest Speed 160 | 160 160 Overloaded Moves . | . . Propulsion Burnouts . | . . Robots Hopped . | . . Potential Cave-ins 6 | . 6 Cave-ins Triggered 1 | . 1 Exploration Rate (%) 44 | 7 82 Regions Visited 1 Branch Regions . Pre-discovered Areas . | . . Known Exits Taken . | . . Unknown Exits Taken 1 | 1 . Scrap Searched . | . . Spaces Dug . | . . Terrain Destroyed 100 | . 100 Melee . | . . Projectile . | . . AOE 100 | . 100 Terrain Rammed . | . . Walls Destroyed . | . . Machines Disabled . | . . Actions | -11 -10 --------- Run | Yrd Mat Total 835 | 155 680 Wait 8 | . 8 Move 731 | 125 606 Hop . | . . Pick Up 17 | 10 7 Fast Attach 4 | 3 1 Attach 10 | 7 3 Detach 3 | 3 . Swap 4 | 2 2 Drop 4 | . 4 Fire 53 | 5 48 Melee . | . . Ram . | . . Kick . | . . Crush . | . . Escape Stasis 1 | . 1 Rewire . | . . Trap . | . . Miscellaneous . | . . Route ------- -11/Scrapyard -10/Materials (discovered 3 exits: [*Mat x2] / [*Min]) History --------- Turn | Location | Event 6 | -11/Scrapyard | Discovered new exit (range 16) 177 | -11/Scrapyard | Entered Materials 311 | -10/Materials | Build established: Mutant 556 | -10/Materials | Discovered new exit (range 11) 637 | -10/Materials | Repaired Sml. Storage Unit 732 | -10/Materials | Discovered new exit (range 12) 1044 | -10/Materials | Crushed by falling debris 1267 | -10/Materials | Core integrity fell below 50% 1268 | -10/Materials | Discovered new exit (range 16) 1298 | -10/Materials | Core integrity fell below 20% 1299 | -10/Materials | Destroyed by G-34 Mercenary with Small Laser Last Messages --------------- 01283_ G-47 Trooper suffers critical hit (Burn). 01286_ Aluminum Leg melted. 01286_ Imp. Heat Sink melted. 01286_ G-47 Trooper destroyed. 01286_ Lgt. Treads destroyed. 01288_ Lgt. Ion Engine destroyed. 01289_ G-34 Mercenary destroyed. 01293_ 61LLIAL%#F9EVLSI7D=N [Achievement: Well Done] 01295_ Overheating: Sml. Storage Unit damaged (-77). 01296_ Overheating: Sml. Storage Unit damaged (-9). 01296_ Overheating: Beam Cannon damaged (-16). 01296_ Overheating: Sml. Storage Unit damaged (-19). 01296_ Overheating: Particle Gun damaged (-1). 01297_ Particle Gun broken. 01297_ Overheating: Short circuit. 01298_ Overheating: Core damaged (-42). Map ----- +----------------------------------------------------+ | ??????# # #?????## # % | | ??????# #? ! !#??????# # =%% % | | ??????#*#?######??????## # ## | | ??????# #??????????????######### ############# | | ??????#=#?????????????????????? % # # | | ####### #?????????????????????? # # | | # # #?????????????????????? """ # """ + | | # # #??????????????????????""""" # """ # | | # | # #??????????????????????"???" # """ # | | # # ######+######???????????????? # ?# | | # # #??????????????????#! ?# | | # ! + #??????????????????####??# | | # # ""#??????????###+??????##### | | # ###+## T"##########?# ##### | | # ## # ""# ### | | # ## # # / T " | | # ##! + # ### | | # ## # ^ / #?# ##### | | ######## # # #?## #????##### | | ???????# #== # #??# ?????????? | | ???????# #= # #??# ??????????? | | ???????##### # #??# ???????????? | | ???????????# [g%# ! #??#????????????? | | ???????????###+##*!%##########???????????????? | | ????????????????# g= ==#????????????????????? | | ????????????????# @==#????????????????????? | | ????????????????# ]]#????????????????????? | | ????????????????# ]]#????????????????????? | | ????????????????# [[#????????????????????? | | ????????????????# [[#????????????????????? | | ??????????????? #####????????????????????? | | ??????????????! #????????????????????????? | | ?????????????]] ?????????????????????????? | | ????????????#]] ?????????????????????????? | | ????????????#]] ?????????????????????????? | | ????????????#]] ?????????????????????????? | | ????????????##### ?????????????????????????? | | ????????????????# ?????????????????????????? | | ????????????????# < ?????????????????????????? | | ????????????????? ??????????????????????????? | | ?????????????????????????????????????????????? | | ?????????????????????????????????????????????? | | ?????????????????????????????????????????????? | | ?????????????????????????????????????????????? | | ?????????????????????????????????????????????? | | ?????????????????????????????????????????????? | | ?????????????????????????????????????????????? | | ?????????????????????????????????????????????? | | | | | +----------------------------------------------------+ Best States ------------- Heat Dissipation 25 Energy Generation 10 Energy Capacity 250 Matter Stores 300 Matter Capacity 300 Sight Range 16 Terrain Scan Density 10 Evasion (%) 50 Recoil Reduction 2 Item Schematics ----------------- None Robot Schematics ------------------ None Fabricated ------------ Nothing Repaired ---------- Sml. Storage Unit | 77% | -10/Materials Studied --------- None Alien Tech Used ----------------- None Achievements -------------- I Have A Map? Well Done Challenges ------------ None Game ------ Seed MetafiberSmartLegs Manual? 0 Play Time 00:27:43 Cumulative 7.6 hours Start 2026.08.01 @ 13:42:33 End 2026.08.01 @ 14:12:33 Sessions 1 Manual Loads 0 Difficulty Rogue Special Mode None Game No. 17 Rogue 17 Adventurer 0 Explorer 0 Win Type - Total 0 Types 0/0/0/0/0/0/0/0/0/0 Lore% 10 Gallery% 10 Achievement% 10 Wizard Run 0 Options --------- Layout 1 ASCII 0 Keyboard 0 Movement Mouse Keybinds 0 Fullscreen 2 Font 24/Proggy Map View 50x35 Zoom Use 0% Tactical HUD 1 Map Filters NONE Filters NONE Steam 1 RUN: 76b344be-e614-4394-abac-83b15f44c948